 Dungeon Crawl Stone Soup version 0.26-a0-1222-g14533b3512 (webtiles) character file.

Game seed: 5205681344275292528

63 jestyr24 the Conjurer (level 3, -1/27 HPs)
             Began as a Draconian Conjurer on Jan 1, 2021.
             Slain by a kobold
             ... wielding a +0 whip
              (5 damage)
             ... on level 2 of the Dungeon.
             The game lasted 00:06:35 (1687 turns).

jestyr24 the Conjurer (Draconian Conjurer)          Turns: 1687, Time: 00:06:35

Health: -1/27      AC:  5    Str:  9    XL:     3   Next: 87%
Magic:  1/6        EV: 12    Int: 19    God:
Gold:   70         SH:  0    Dex:  9    Spells: 3/6 levels left

rFire    . . .     SeeInvis .   i - +0 falchion
rCold    . . .     Faith    .   (no shield)
rNeg     . . .     Spirit   .   (armour unavailable)
rPois    .         Reflect  .   (helmet restricted)
rElec    .         Harm     .   (no cloak)
rCorr    .         Rampage  .   (no gloves)
Will     .....                  (no boots)
Stlth    +.........             (no amulet)
HPRegen  0.09/turn              a - ring of attention (curse)
MPRegen  0.10/turn              (no ring)

@: no status effects
A: unfitting armour, cold-blooded, AC +5
a: no special abilities


You were on level 2 of the Dungeon.
You visited 1 branch of the dungeon, and saw 2 of its levels.

You collected 70 gold pieces.

Inventory:

Hand Weapons
 b - a +0 short sword
 i - a +0 falchion (weapon)
Missiles
 c - 12 poisoned darts
Jewellery
 a - a cursed ring of attention (left hand)
Scrolls
 d - 2 scrolls of teleportation {unknown}
 e - a scroll of blinking {unknown}
 f - a scroll of noise {unknown}
Potions
 g - a potion of degeneration {unknown}
 h - a potion of lignification {unknown}
 j - a potion of flight {unknown}


   Skills:
 * Level 0.6 Fighting
 - Level 0.4 Short Blades
 + Level 2.0 Dodging
 + Level 1.9 Stealth
 + Level 2.2 Spellcasting
 + Level 5.0 Conjurations


You had 3 spell levels left.
You knew the following spells:

 Your Spells              Type           Power        Failure   Level
a - Magic Dart            Conj           84%          1%          1
b - Searing Ray           Conj           42%          3%          2

Your spell library contained the following spells:

 Spells                   Type           Power        Failure   Level
 Dazzling Flash           Conj/Hex       22%          17%         3
 Fulminant Prism          Conj/Hex       5%           50%         4
 Iskenderun's Mystic Bla  Conj/Tloc      11%          50%         4


Dungeon Overview and Level Annotations

Branches:
Dungeon (2/15)

Altars:


Innate Abilities, Weirdness & Mutations

Your plain brown scales are hard. (AC +5)
You cannot fit into any form of body armour.
You are cold-blooded and may be slowed by cold attacks.


Message History

Confirm with . or Enter, or press ? or * to list all spells.
You don't have enough magic to cast that spell.
Unknown command.
You hit the worm.
The worm is severely wounded.
The kobold closely misses you.
You riposte.
You hit the kobold but do no damage. The kobold closely misses you.
The worm bites you.
You slash the worm!
The worm is almost dead.
The kobold hits you with a +0 whip.
You barely miss the worm.
The worm is almost dead.
The kobold hits you with a +0 whip. The worm bites you.
You hit the worm.
You kill the worm!
The kobold closely misses you. The kobold hits you with a +0 whip.
* * * LOW HITPOINT WARNING * * *
You hit the kobold but do no damage. The kobold hits you with a +0 whip.
You die...

.# ##..# #.# #...# #.#
#...# #.# ##.... #.#
#...w# . ..# #. #.(..#
... ..#
#...#....####..... .<#
.......†(.@KS.....
..###########(##########
....†................
##.#######....##.#^.###
.......###.##.........#
###.##.##..#####.###..#
#.##[...## #..# #..#
#...###.# #.# #..#
###.###.#####.####..###


You could see a ball python and a kobold.

Vanquished Creatures
  An adder (D:2)
  4 worms (D:2)
  4 dart slugs
  3 leopard geckos
  3 bats
  2 giant cockroaches
  3 goblins (D:1)
  4 hobgoblins
  3 kobolds (D:1)
  3 frilled lizards (D:1)
  4 rats
34 creatures vanquished.

Notes
Turn   | Place    | Note
-------+----------+-------------------------------------------
     0 | D:1      | jestyr24 the Draconian Conjurer began the quest for the
                  | Orb.
     0 | D:1      | Reached XP level 1. HP: 14/14 MP: 3/3
   119 | D:1      | Reached XP level 2. HP: 19/20 MP: 5/5
  1294 | D:2      | Reached XP level 3. HP: 21/26 MP: 4/6
  1495 | D:2      | Learned a level 2 spell: Searing Ray
  1674 | D:2      | Reached skill level 5 in Conjurations
  1687 | D:2      | Slain by a kobold

Illustrated notes

Levels and vault maps discovered:
D:1:      mrwooster_arrival_statue_3, layout_basic
D:2:      minmay_recursive_quarters, layout_rooms

Skill      XL: |  1  2  3 |
---------------+----------+-----
Dodging        | 2 |  2.0
Conjurations   | 5 |  5.0
Fighting       | |  0.6
Short Blades   | |  0.4
Stealth        | |  1.9
Spellcasting   | |  2.2

Action                   || total
-------------------------++-------
Melee: Short sword       ||    26
       Tailslap          ||     3
       Falchion          ||     7
 Cast: Magic Dart        ||    49
       Searing Ray       ||     3
  Use: Potion            ||     1
Armor: Skin              ||    10
Dodge: Dodged            ||    41
       Rpst.: Falchion   ||     2

Table legend: (Time is in decaauts)
 A = Elapsed time spent in this place.
 B = Non-inter-level travel time spent in this place.
 C = Inter-level travel time spent in this place.
 D = Time resting spent in this place.
 E = Time spent auto-exploring this place.
 F = Levels seen in this place.
 G = Mean time per level.
                   A        B        C        D        E       F      G
               +--------+--------+--------+--------+--------+-----+--------+
         Total |   1689 |   1671 |     18 |    134 |   1304 |   2 |  844.5 |
       Dungeon |   1689 |   1671 |     18 |    134 |   1304 |   2 |  844.5 |
               +--------+--------+--------+--------+--------+-----+--------+

Top non-repeatable levels by time:
     D:1: 1288 daAuts
     D:2: 401 daAuts
